 Dungeon Crawl Stone Soup version 0.28-a0-175-gb2089b6bb7 (webtiles) character file.

Game seed: 5272592478531048262

189 Nattfarinn the Caller (level 5, 0/52 HPs)
             Began as a Barachi Summoner on Aug 17, 2021.
             Succumbed to a water moccasin's poison
             ... in a sewer.
             The game lasted 00:04:48 (2544 turns).

Nattfarinn the Caller (Barachi Summoner)            Turns: 2544, Time: 00:04:48

Health: 0/52       AC: 22    Str:  9    XL:     5   Next: 68%
Magic:  8/10       EV:  2    Int: 15    God:
Gold:   51         SH:  0    Dex: 12    Spells: 3/10 levels left

rFire   . . .      SeeInvis .   k - +5 dagger (elec)
rCold   . . .      Faith    .   (no shield)
rNeg    + + +      Spirit   .   (armour currently unavailable)
rPois   +          Reflect  .   (helmet currently unavailable)
rElec   .          Harm     .   (cloak currently unavailable)
rCorr   .          Rampage  .   (gloves currently unavailable)
Will    .....      NoTele   +   (boots currently unavailable)
Stlth   ++........              (no amulet)
HPRegen 0.17/turn               (no ring)
MPRegen 0.12/turn               (no ring)

@: lethally poisoned (0 -> -1), tree-form, unable to hop
A: stationary, stasis, torment immunity, boosted hp, (amphibious), (slowness 1),
(strong legs 1), +LOS, (antennae 1), dopey 1
a: no special abilities


You were in a sewer.
You were a tree.
You visited 1 branch of the dungeon, and saw 3 of its levels.
You also visited: Sewer.

You collected 51 gold pieces.

Inventory:

Hand Weapons
 k - a +5 dagger of electrocution (weapon)
Armour
 a - a +0 robe (melded)
 f - a scarf of harm
Magical Staves
 i - a staff of air
Scrolls
 b - a scroll of immolation {unknown}
 d - 2 scrolls of teleportation {unknown}
 g - 3 scrolls of identify {unknown}
 j - a scroll of blinking {unknown}


   Skills:
 - Level 2.1 Dodging
 - Level 1.7 Stealth
 + Level 3.3 Spellcasting
 + Level 5.8 Summonings
 * Level 4.0 Poison Magic


You had 3 spell levels left.
You knew the following spells:

 Your Spells              Type           Power      Damage    Failure   Level
a - Summon Small Mammal   Summ           76%        N/A       1%          1
b - Sting                 Tmut/Pois      32%        1d4       9%          1
c - Call Imp              Summ           19%        N/A       2%          2
d - Call Canine Familiar  Summ           19%        N/A       5%          3

Your spell library contained the following spells:

 Spells                   Type           Power      Damage    Failure   Level
 Poisonous Vapours        Pois/Air       16%        N/A       13%         2
 Summon Guardian Golem    Hex/Summ       11%        N/A       17%         3
 Freeze                   Ice            8%         1d3       19%         1
 Frozen Ramparts          Ice            4%         1d2       50%         3
 Olgreb's Toxic Radiance  Pois           14%        N/A       36%         4
 Summon Lightning Spire   Summ/Air       11%        N/A       50%         4
 Hailstorm                Conj/Ice       2%         3d3       88%         4


Dungeon Overview and Level Annotations

Branches:
Dungeon (3/15)              Sewer (1/1)

Altars:


Innate Abilities, Weirdness & Mutations

You are a tree.
Your roots penetrate the ground, keeping you stationary.
You cannot be teleported.
You are immune to unholy pain and torment.
Your maximum health is greatly increased.
Your equipment is partially melded.
((You are amphibious.))
((You cover ground slowly.))
((You can hop short distances.))
You have an extended range of vision and can be seen from far away.
((You have a pair of small antennae on your head.))
You are dopey. (Int -2)


Message History

You hit the water moccasin but do no damage.
The water moccasin is heavily wounded.
The water moccasin looks more healthy.
The water moccasin bites you.
* * * LOW HITPOINT WARNING * * *
You are lethally poisoned!
The water moccasin poisons you! The water moccasin barely misses you.
You completely miss the water moccasin.
The water moccasin is heavily wounded.
* * * LOW HITPOINT WARNING * * *
You feel very sick. The water moccasin misses you.
You aren't carrying any potions.
You hit the water moccasin.
Lightning courses through the water moccasin!
You kill the water moccasin!
* * * LOW HITPOINT WARNING * * *
You feel sick.
Your Spellcasting skill increases to level 3!
Your Poison Magic skill increases to level 4!
You have reached level 5!
Hop to where?
Press: ? - help, Dir - move target Boing!
* * * LOW HITPOINT WARNING * * *
You feel sick.
* * * LOW HITPOINT WARNING * * *
You feel sick.
You see here 14 gold pieces.
* * * LOW HITPOINT WARNING * * *
You feel sick.
You see here a golden potion.
c - a golden potion
* * * LOW HITPOINT WARNING * * *
You feel sick.
It was a potion of lignification.
You turn into a tree.
Your +0 robe melds into your body.
Your roots penetrate the ground.
* * * LOW HITPOINT WARNING * * *
You feel sick.
You aren't carrying any potions.
You die...

#######
##$$?($##
#..$♣$..#
#.......#
#.......#
#.......#
#...†...#
##.....##
#######
###.###
##.....##
#.#
#...≈...##
#.#


There were no monsters in sight!

Vanquished Creatures
  A water moccasin (Sewer)
  2 adders
  4 river rats (D:3)
  A giant cockroach (D:3)
  A hobgoblin (D:3)
  A ball python (D:3)
  5 bats (Sewer)
  A frilled lizard (D:3)
  A kobold (D:2)
  2 rats
19 creatures vanquished.

Vanquished Creatures (collateral kills)
  An adder (D:2)
  A worm (D:3)
  2 dart slugs (D:1)
  3 ball pythons (D:1)
  An endoplasm (D:2)
  3 giant cockroaches
  2 hobgoblins (D:1)
  2 kobolds (D:2)
  A quokka (D:1)
  A frilled lizard (D:1)
  4 rats
21 creatures vanquished.

Grand Total: 40 creatures vanquished

Notes
Turn   | Place    | Note
-------+----------+-------------------------------------------
     0 | D:1      | Nattfarinn the Barachi Summoner began the quest for the
                  | Orb.
     0 | D:1      | Reached XP level 1. HP: 13/13 MP: 3/3
     5 | D:1      | Learned a level 1 spell: Sting
   411 | D:1      | Reached skill level 1 in Poison Magic
   823 | D:1      | Reached XP level 2. HP: 18/19 MP: 0/5
   989 | D:1      | Reached skill level 5 in Summonings
  1078 | D:1      | Found a faded altar of an unknown god.
  2008 | D:2      | Reached XP level 3. HP: 16/24 MP: 4/6
  2212 | D:2      | Learned a level 2 spell: Call Imp
  2216 | D:2      | Learned a level 3 spell: Call Canine Familiar
  2309 | D:3      | Reached XP level 4. HP: 28/30 MP: 3/8
  2464 | D:3      | Found a glowing drain.
  2478 | Sewer    | Entered a sewer
  2521 | Sewer    | Noticed a water moccasin
  2534 | Sewer    | Gained mutation: You are dopey. (Int -2) [potion of
                  | mutation]
  2534 | Sewer    | Gained mutation: You have a pair of small antennae on your
                  | head. [potion of mutation]
  2538 | Sewer    | Killed a water moccasin
  2539 | Sewer    | Reached XP level 5. HP: 5/35 MP: 8/10
  2542 | Sewer    | HP: 1/35 [poisoned by a water moccasin]
  2544 | Sewer    | Succumbed to a water moccasin's poison

Illustrated notes

Levels and vault maps discovered:
D:1:      dpeg_arrival_leaves_temple_mockup, layout_loops_ring,
          chequers_ecumenical_altar_simple_redux
D:2:      layout_rooms
D:3:      layout_basic, nicolae_tso_besieged_by_evil,
          mainiacjoe_overflow_small_starburst, portal_sewer_entry_e,
          bh_walls_and_bars
Sewer:    sewer_big_baddie

Skill      XL: |  1  2  3  4 |
---------------+-------------+-----
Poison Magic   | 1 2 4 |  4.0
Summonings     | 5 |  5.8
Spellcasting   | 3 |  3.3
Dodging        | |  2.1
Stealth        | |  1.7

Action                   |  1- 3 |  4- 6 || total
-------------------------+-------+-------++-------
Melee: Unarmed           |     7 |       ||     7
       Dagger            |    10 |    30 ||    40
       Staff             |     1 |       ||     1
 Cast: Summon Small Mamm |    56 |     4 ||    60
       Sting             |    10 |     4 ||    14
 Abil: Hop               |     1 |     1 ||     2
  Use: Scroll            |     2 |       ||     2
       Potion            |       |     3 ||     3
Armor: Robe              |     6 |    11 ||    17
Dodge: Dodged            |    35 |    43 ||    78

Table legend: (Time is in decaauts)
 A = Elapsed time spent in this place.
 B = Non-inter-level travel time spent in this place.
 C = Inter-level travel time spent in this place.
 D = Time resting spent in this place.
 E = Time spent auto-exploring this place.
 F = Levels seen in this place.
 G = Mean time per level.
                   A        B        C        D        E       F      G
               +--------+--------+--------+--------+--------+-----+--------+
         Total |   2767 |   2628 |    139 |    571 |   1654 |   4 |  691.8 |
       Dungeon |   2697 |   2558 |    139 |    571 |   1633 |   3 |  899.0 |
         Sewer |     70 |     70 |      0 |      0 |     20 |   1 |   70.0 |
               +--------+--------+--------+--------+--------+-----+--------+

Top non-repeatable levels by time:
     D:1: 1343 daAuts
     D:2: 1086 daAuts
     D:3: 267 daAuts
   Sewer: 70 daAuts
